 Dungeon Crawl Stone Soup version 0.25-a0-1130-g3926558f3a (webtiles) character file.

Game seed: 5254762897729441185, levelgen mode: classic

18 Amnesiac the Digger (level 2, 0/13 HPs)
             Began as a Vine Stalker Earth Elementalist on May 20, 2020.
             Slain by a hound (1 damage)
             ... on level 4 of the Dungeon.
             The game lasted 00:01:33 (351 turns).

Amnesiac the Digger (VSEE)                           Turns: 351, Time: 00:01:34

Health: 0/13       AC:  2    Str: 10    XL:     2   Next: 70%
Magic:  0/7        EV: 12    Int: 15    God:
Gold:   5          SH:  0    Dex: 14    Spells: 4/7 levels left

rFire    . . .     SeeInvis .   (no weapon)
rCold    . . .     Gourm    .   (no shield)
rNeg     . . .     Faith    .   c - +0 robe
rPois    .         Spirit   +   (no helmet)
rElec    .         Reflect  .   (no cloak)
rCorr    .         Harm     .   (no gloves)
MR       .....                  (no boots)
Stlth    ++........             (no amulet)
HPRegen  0.04/turn              (no ring)
MPRegen  0.10/turn              (no ring)

@: no status effects
A: fangs 2, magic shield, antimagic bite, no potion heal 3, rot immunity
a: no special abilities


You were on level 4 of the Dungeon.
You were not hungry.

You visited 1 branch of the dungeon, and saw 3 of its levels.

You collected 5 gold pieces.

Inventory:

Missiles
 a - 9 poisoned darts (quivered)
 b - 26 stones
Armour
 c - a +0 robe (worn)
Comestibles
 d - 2 rations
 f - a chunk of flesh


   Skills:
 - Level 1.5 Dodging
 - Level 3.0 Stealth
 - Level 3.0 Spellcasting
 + Level 1.2 Transmutations
 - Level 3.0 Earth Magic


You had 4 spell levels left.
You knew the following spells:

 Your Spells              Type           Power        Failure   Level  Hunger
a - Sandblast             Erth           ##....       6%          1    #......
b - Passwall              Tmut/Erth      #.......     13%         2    ##.....

Your spell library contained the following spells:

 Spells                   Type           Power        Failure   Level  Hunger
 Stone Arrow              Conj/Erth      #.....       32%         3    ###....
 Petrify                  Tmut/Erth      #.......     63%         4    #####..
 Lee's Rapid Deconstruct  Erth           ##........   85%         5    ######.


Dungeon Overview and Level Annotations

Branches:
Dungeon (2/15)

Altars:


Innate Abilities, Weirdness & Mutations

You have extremely sharp teeth.
When hurt, damage is shared between your health and your magic reserves.
Your bite disrupts and absorbs the magic of your enemies.
Potions cannot restore your health.
You are immune to rotting.


Message History

You miscast Sandblast.
Nothing appears to happen.
The adder bites you. The adder barely misses you.
Unknown command.
Casting: Sandblast (safe; 6% risk of failure)
Confirm with . or Enter, or press ? or * to list all spells.
Aiming: Sandblast (safe; 6% risk of failure)
Press: ? - help, Shift-Dir - straight line, f/p - adder
Aim: an adder (severely wounded)
The blast of sand hits the adder.
You kill the adder!
Training target 3.0 for Spellcasting reached!
Your Spellcasting skill increases to level 3!
You need to enable at least one skill for training.
b - 26 stones Unknown command.
You start resting.
Your magical contamination has completely faded away.
A frilled lizard comes into view.
You fall into a shaft and drop 2 floors!
The shaft crumbles and collapses.
An orc comes into view. It is wielding a +0 mace.
The orc shouts!
An orc comes into view. It is wielding a +0 club.
The orc shouts!
An orc comes into view.
The orc shouts!
An orc priest comes into view. It is wielding a -3 morningstar.
The orc priest shouts!
A worm, a giant cockroach and 2 orcs come into view.
A hound skeleton comes into view.
The giant cockroach closely misses you. The hound skeleton bites you.
The hound skeleton bites you but does no damage.
The hound skeleton bites you but does no damage.
The hound skeleton closely misses you. The hound skeleton bites you.
The giant cockroach barely misses you.
The giant cockroach waves its antennae.
The giant cockroach bites you but does no damage.
The giant cockroach bites you. The hound skeleton closely misses you.
Found a scroll labeled XUPTIGHEILA.
A hound comes into view.
The hound barks!
A hound skeleton comes into view.
The hound closely misses you. The hound barely misses you.
You see here a scroll labeled XUPTIGHEILA {!r}.
Really read a scroll labeled XUPTIGHEILA {!r}?
As you read the scroll labeled XUPTIGHEILA {!r}, it crumbles to dust.
It is a scroll of enchant weapon.
You aren't carrying any weapons that can be enchanted.
The giant cockroach barely misses you. The hound barely misses you.
The hound skeleton barely misses you. The giant cockroach closely misses you.
The hound skeleton barely misses you. The hound bites you.
* * * LOW HITPOINT WARNING * * *
The giant cockroach barely misses you. The hound skeleton misses you.
The hound bites you.
* * * LOW HITPOINT WARNING * * *
Really read
e - a scroll labeled ISHIUB MOE {!r}?
As you read the scroll labeled ISHIUB MOE {!r}, it crumbles to dust.
The creatures around you are filled with an inner flame!
It was a scroll of immolation {!r}.
The hound bites you.
You die...

......o..##..
.............
.............
#.........o..
##........... .##
##..o......o ....######
##.....#####
.........####......#...#
#...@ho......#..#..#.
######..........#....
#Zo.............
#sZ...####.#.###
#...............
#..........#....
#.......#..#..#.
#....##.....#....
#...######..#...#


You could see a hound (inner flame) and 2 orcs.

Vanquished Creatures
  An adder (D:2)
  A dart slug (D:1)
  A bat (D:1)
  A goblin (D:1)
  2 hobgoblins (D:1)
  A kobold (D:1)
  A rat (D:1)
8 creatures vanquished.

Notes
Turn   | Place    | Note
-------+----------+-------------------------------------------
     0 | D:1      | Amnesiac the Vine Stalker Earth Elementalist began the
                  | quest for the Orb.
     0 | D:1      | Reached XP level 1. HP: 9/9 MP: 4/4
   149 | D:1      | Reached XP level 2. HP: 6/13 MP: 3/6
   162 | D:1      | Learned a level 2 spell: Passwall
   316 | D:2      | You fall into a shaft and drop 2 floors!
   351 | D:4      | Slain by a hound

Illustrated notes

Levels and vault maps discovered:
D:1:      scummos_arrival_simple_fountains, layout_loops_ring
D:2:      layout_basic, grunt_gozag_statues, uniq_terence
D:4:      layout_layer_cave, tgw_fedhas, hangedman_abyss_or_decor_passed

Skill      XL: |  1  2 |
---------------+-------+-----
Stealth        | 3 |  3.0
Spellcasting   | 3 |  3.0
Dodging        | |  1.5
Transmutations | |  1.2
Earth Magic    | |  3.0

Action                   || total
-------------------------++-------
Melee: Unarmed           ||    33
       Bite              ||    10
Throw: Dart              ||     2
       Stone             ||     1
 Cast: Sandblast         ||     4
  Use: Scroll            ||     2
 Stab: Sleeping          ||     2
Armor: Robe              ||    12
Dodge: Dodged            ||    39

Table legend:
 A = Non-vault XP
 B = Vault XP
 C = Vault XP percentage of total XP
 D = Non-vault monster count
 E = Vault monster count
 F = Vault count percentage of total count
                 A         B        C        D         E       F
            +---------+---------+-------+---------+---------+-------
      Total |      27 |       0 |   0.0 |       8 |       0 |   0.0
            +---------+---------+-------+---------+---------+-------
        D:1 |      14 |       0 |   0.0 |       7 |       0 |   0.0
        D:2 |      13 |       0 |   0.0 |       1 |       0 |   0.0
            +---------+---------+-------+---------+---------+-------
